 Dungeon Crawl Stone Soup version 0.30-a0-360-g447f08457e (webtiles) character file.

Game seed: 14973481535773659951

968 pokeman the Thaumaturge (level 7, -2/40 HPs)
             Began as a Deep Elf Hedge Wizard on Nov 13, 2022.
             Was an Initiate of Vehumet.
             Succumbed to a water moccasin's poison
             ... on level 4 of the Dungeon.
             The game lasted 00:10:27 (5397 turns).

pokeman the Thaumaturge (Deep Elf Hedge Wizard)     Turns: 5397, Time: 00:10:28

Health: -2/40      AC:  4    Str:  6 (7)  XL:     7   Next: 93%
Magic:  4/12       EV: 11    Int: 22 (23) God:    Vehumet [......]
Gold:   177        SH:  0    Dex: 11 (14) Spells: 8/23 levels left

rFire   . . .      SeeInvis .    a - +10 sling of the Five Nightcaps {freeze, Will+ MP-9 Int+2}
rCold   . . .      Faith    .    (no shield)
rNeg    . . .      Spirit   .    i - +0 leather armour
rPois   .          Reflect  .    m - +0 helmet
rElec   .          Harm     .    (no cloak)
rCorr   .          Rampage  .    (no gloves)
Will    +....      Rage     3%   (no boots)
Stlth   +++.......               (no amulet)
HPRegen 1.06/turn                q - +4 ring of slaying
MPRegen 0.13/turn                (no ring)

@: lethally poisoned (-2 -> -16)
A: talons 1, camouflage 1, berserk 1, regeneration 1
a: Renounce Religion


You were on level 4 of the Dungeon.
You worshipped Vehumet.
Vehumet was noncommittal.
You visited 2 branches of the dungeon, and saw 6 of its levels.

You collected 177 gold pieces.

Inventory:

Hand Weapons
 a - the +10 sling of the Five Nightcaps (weapon) {freeze, Will+ MP-9 Int+2}
   (You took it off a kobold on level 2 of the Dungeon)

   Any ammunition fired from it freezes those it strikes, dealing additional
   cold damage.
   It can also slow down cold-blooded creatures.
   Int:       It affects your intelligence (+2).
   MP:        It affects your magic capacity (-9).
   Will:      It increases your willpower.
 l - a +3 scythe of protection
Missiles
 s - 2 throwing nets
Armour
 i - a +0 leather armour (worn)
 m - a +0 helmet (worn)
Jewellery
 j - a ring of ice
 q - a +4 ring of slaying (left hand)
Wands
 v - a wand of paralysis (12)
Scrolls
 c - a scroll of summoning {unknown}
 e - 6 scrolls of teleportation {unknown}
 f - a scroll of poison {unknown}
 k - a scroll of vulnerability {unknown}
 n - 4 scrolls of identify {unknown}
 o - a scroll of fear {unknown}
 p - a scroll of brand weapon {unknown}
 x - a scroll of immolation {unknown}
Potions
 b - 3 potions of degeneration
 d - 2 potions of magic
 g - 3 potions of mutation
 h - 3 potions of curing {unknown}
 r - 2 potions of haste {unknown}
 t - 2 potions of invisibility {unknown}
 u - a potion of might {unknown}
 w - 2 potions of lignification {unknown}


   Skills:
 - Level 2.1 Fighting
 + Level 2.0 Armour
 - Level 3.0 Dodging
 - Level 3.1 Stealth
 * Level 8.7 Spellcasting
 + Level 4.4 Conjurations
 - Level 1.1 Summonings
 - Level 1.1 Translocations
 + Level 2.2 Fire Magic
 - Level 1.0 Air Magic
 - Level 1.0 Earth Magic
 - Level 1.0 Poison Magic
 - Level 1.0 Evocations


You had 8 spell levels left.
You knew the following spells:

 Your Spells              Type           Power      Damage    Failure   Level
a - Magic Dart            Conj           100%       1d8       1%          1
b - Mephitic Cloud        Conj/Pois/Air  19%        N/A       13%         3
c - Call Imp              Summ           14%        N/A       10%         2
d - Blink                 Tloc           28%        N/A       10%         2
e - Stone Arrow           Conj/Erth      42%        3d9       10%         3
f - Flame Wave            Conj/Fire      24%        2d8       26%         4

Your spell library contained the following spells:

 Spells                   Type           Power      Damage    Failure   Level
 Scorch                   Fire           38%        2d6       6%          2
 Sandblast                Erth           26%        2d8       7%          1
 Slow                     Hex            36%        N/A       11%         1
 Cigotuvi's Dreadful Rot  Necr/Pois/Air  24%        N/A       12%         2
 Passwall                 Tmut/Erth      9%         N/A       13%         2
 Summon Cactus Giant      Summ           7%         N/A       100%        6


Dungeon Overview and Level Annotations

Branches:
Dungeon (5/15)             Temple (1/1) D:4

Altars:
Ashenzari
Cheibriados
Dithmenos
Elyvilon
Gozag
Hepliaklqana
Kikubaaqudgha
Nemelex Xobeh
Okawaru
Qazlal
Ru
Sif Muna
Trog
Vehumet
Xom
Zin

Shops:
D:5 *


Innate Abilities, Weirdness & Mutations

You have sharp toenails.
Your skin changes colour to match your surroundings (Stealth+).
You sometimes lose your temper in combat.
Your natural rate of healing is unusually fast.


Message History

You blink.
Fire: a) +10 sling of the Five Nightcaps {freeze, Will+ MP-9 Int+2}
Press: ? - help, Q - select action, (/) - cycle Shift-Dir - straight line, f - water moccasin
Aim: a water moccasin (58% to hit)
You shoot a sling bullet.
The sling bullet hits the water moccasin.
The water moccasin seems to slow down.
The sling bullet freezes the water moccasin.
The water moccasin is moderately wounded.
Fire: a) +10 sling of the Five Nightcaps {freeze, Will+ MP-9 Int+2}
Press: ? - help, Q - select action, (/) - cycle Shift-Dir - straight line, f/p - water moccasin
Aim: a water moccasin (lightly wounded, slow, 58% to hit)
You shoot a sling bullet.
The sling bullet barely misses the water moccasin.
The water moccasin bites you.
You are lethally poisoned!
The water moccasin poisons you!
* * * LOW HITPOINT WARNING * * *
You feel very sick.
It was a potion of degeneration.
There was something very wrong with that liquid.
You feel weakened.
You feel dopey.
You feel clumsy.
You feel stable enough to blink again.
* * * LOW HITPOINT WARNING * * *
You feel very sick. The water moccasin bites you.
* * * LOW HITPOINT WARNING * * *
You are more poisoned.
The water moccasin poisons you!
Okay, then.
Unknown command.
Casting: Blink (safe; 10% risk of failure)
Confirm with . or Enter, or press ? or * to list all spells.
Okay, then.
Unknown command.
It was a potion of mutation.
You feel extremely strange.
Your toenails lengthen and sharpen.
Your skin functions as natural camouflage.
You feel a little pissed off.
You begin to heal more quickly.
You die...

##..####.............
#...###....#.(...#..
#....##.....###'###.
##.....#.....#♣♣.♣♣#.
#...........##♣...♣#.
##..#......>## ♣...♣#.
#.(###.....## ♣...♣##
#..##....### ♣#.#♣
##.##.@S..#♣♣♣♣♣♣#.#♣♣♣
#.........#♣...##8.8##.
#.........#♣...........
######....#♣...##8.8##.
########.#♣♣♣♣♣♣#.#♣♣♣
#.##.....### ♣#.#♣
##..........# ♣...♣
##..........## ♣...♣
##.##.......## ♣...♣


You could see a water moccasin (slow).

Vanquished Creatures
  An orc warrior (D:3)
  An ice beast (D:5)
  2 scorpions
  A necrophage (D:5)
  A vampire bat (D:3)
  A jelly (D:5)
  2 orc priests
  A hound (D:5)
  Natasha (thrice) (D:3)
  Robin (D:2)
  7 gnolls (D:4)
  2 adders
  An ufetubus (D:5)
  A worm (D:3)
  A dart slug (D:1)
  10 orcs
  6 ball pythons
  4 bat skeletons (D:3)
  A bat zombie (D:3)
  5 endoplasms
  3 giant cockroaches
  12 goblins
  7 hobgoblins
  3 jackals (D:4)
  4 bats
  3 frilled lizards (D:2)
  13 kobolds
  6 rats
103 creatures vanquished.

Vanquished Creatures (collateral kills)
  Sigmund (D:2)
1 creature vanquished.

Vanquished Creatures (others)
  A plant (D:3)
1 creature vanquished.

Grand Total: 105 creatures vanquished

Notes
Turn   | Place    | Note
-------+----------+-------------------------------------------
     0 | D:1      | pokeman the Deep Elf Hedge Wizard began the quest for the
                  | Orb.
     0 | D:1      | Reached XP level 1. HP: 10/10 MP: 7/7
   394 | D:1      | Reached XP level 2. HP: 16/16 MP: 6/9
   767 | D:1      | Found a faded altar of an unknown god.
  1044 | D:1      | Reached skill level 5 in Spellcasting
  1503 | D:2      | Reached XP level 3. HP: 20/20 MP: 9/11
  1507 | D:2      | Learned a level 3 spell: Mephitic Cloud
  1510 | D:2      | Learned a level 2 spell: Call Imp
  1513 | D:2      | Learned a level 2 spell: Blink
  1627 | D:2      | Found a sparkling altar of Nemelex Xobeh.
  1676 | D:2      | Noticed Sigmund
  1925 | D:2      | Killed Sigmund
  1926 | D:2      | Reached skill level 1 in Fighting
  1926 | D:2      | Reached skill level 1 in Armour
  1926 | D:2      | Reached skill level 6 in Spellcasting
  1926 | D:2      | Reached XP level 4. HP: 12/26 MP: 5/14
  1926 | D:2      | Reached XP level 5. HP: 14/30 MP: 5/15
  2360 | D:2      | Noticed Robin
  2560 | D:2      | Identified the +10 sling of the Five Nightcaps {freeze,
                  | Will+ MP-9 Int+2}
  2681 | D:2      | Killed Robin
  3306 | D:3      | Noticed Natasha
  3308 | D:3      | Killed Natasha
  3309 | D:3      | Reached XP level 6. HP: 35/35 MP: 8/17
  3421 | D:3      | Noticed Natasha
  3423 | D:3      | Killed Natasha
  3450 | D:3      | Found a snail-covered altar of Cheibriados.
  3556 | D:3      | Learned a level 3 spell: Stone Arrow
  3561 | D:3      | Learned a level 4 spell: Flame Wave
  3567 | D:3      | Found an ancient bone altar of Kikubaaqudgha.
  3570 | D:3      | Reached skill level 7 in Spellcasting
  3627 | D:3      | Noticed Natasha
  3719 | D:3      | Noticed an orc warrior
  3842 | D:3      | Killed an orc warrior
  3843 | D:3      | Reached skill level 1 in Fire Magic
  4211 | D:3      | Killed Natasha
  4212 | D:3      | Reached skill level 1 in Air Magic
  4240 | D:4      | Reached XP level 7. HP: 39/39 MP: 11/20
  4250 | D:4      | Found an iron altar of Okawaru.
  4279 | D:4      | Reached skill level 1 in Earth Magic
  4318 | D:4      | Reached skill level 1 in Poison Magic
  4349 | D:4      | Found a staircase to the Ecumenical Temple.
  4359 | Temple   | Entered the Ecumenical Temple
  4412 | Temple   | Became a worshipper of Vehumet
  4534 | D:4      | Reached skill level 8 in Spellcasting
  4752 | D:4      | Found a hazy altar of Hepliaklqana.
  5200 | D:5      | Entered Level 5 of the Dungeon
  5337 | D:5      | Reached skill level 1 in Evocations
  5376 | D:5      | Found Gillal's General Store.
  5396 | D:4      | HP: 2/40 [water moccasin (4)]
  5397 | D:4      | Gained mutation: You have sharp toenails. [potion of
                  | mutation]
  5397 | D:4      | Gained mutation: Your skin changes colour to match your
                  | surroundings (Stealth+). [potion of mutation]
  5397 | D:4      | Gained mutation: You sometimes lose your temper in combat.
                  | [potion of mutation]
  5397 | D:4      | Gained mutation: Your natural rate of healing is unusually
                  | fast. [potion of mutation]
  5397 | D:4      | Succumbed to a water moccasin's poison

Illustrated notes

Levels and vault maps discovered:
D:1:      psy_arrival_radial02, layout_basic,
          shapermc_ecumenical_altar_notcrosses, interstate_on_off
D:2:      layout_basic, basic_altar, corner_web_ring,
          nicolae_concentric_dashed_squares_wild, uniq_robin, uniq_sigmund
D:3:      layout_basic, mainiacjoe_overflow_boulevard,
          kennysheep_vampire_church, serial_bayou_crossing, uniq_natasha
D:4:      layout_layer_cave, mainiacjoe_overflow_concentric_impassable,
          nicolae_hepliaklqana_hazy_memory, minmay_temple_entry_stoned_glass,
          kennysheep_minor_cross, st_stairs_8
D:5:      layout_cave_pools, general_overflow_altar, serial_gnoll_camp,
          gnoll_camp_mini_shop, grums_kennel, gnoll_camp_mini_shop,
          gnoll_camp_mini_basic, gnoll_camp_mini_basic, gnoll_camp_mini_shop
Temple:   nicolae_temple_x_marks_the_god

Skill      XL: |  1  2  3  4  5  6  7 |
---------------+----------------------+-----
Spellcasting   | 5 6 7 8 |  8.7
Fighting       | 1 2 |  2.1
Armour         | 1 2 |  2.0
Conjurations   | 2 3 4 |  4.4
Dodging        | 3 |  3.0
Stealth        | 3 |  3.1
Fire Magic     | 1 2 |  2.2
Air Magic      | 1 |  1.0
Earth Magic    | 1 |  1.0
Poison Magic   | 1 |  1.0
Evocations     | 1 |  1.0
Summonings     | |  1.1
Translocations | |  1.1

Action                   |  1- 3 |  4- 6 |  7- 9 || total
-------------------------+-------+-------+-------++-------
Melee: Dagger            |    12 |       |       ||    12
       Halberd           |       |     3 |       ||     3
 Fire: Sling             |       |    44 |    60 ||   104
 Cast: Magic Dart        |    65 |    36 |       ||   101
       Call Imp          |     3 |       |       ||     3
       Mephitic Cloud    |     1 |     1 |       ||     2
       Blink             |       |     1 |     2 ||     3
       Stone Arrow       |       |       |     3 ||     3
  Use: Potion            |       |       |     2 ||     2
Armor: Robe              |     3 |       |       ||     3
       Leather armour    |     1 |    11 |     4 ||    16
Dodge: Dodged            |    12 |    24 |     9 ||    45

Table legend: (Time is in decaauts)
 A = Elapsed time spent in this place.
 B = Non-inter-level travel time spent in this place.
 C = Inter-level travel time spent in this place.
 D = Time resting spent in this place.
 E = Time spent auto-exploring this place.
 F = Levels seen in this place.
 G = Mean time per level.
                   A        B        C        D        E       F      G
               +--------+--------+--------+--------+--------+-----+--------+
         Total |   5457 |   5278 |    179 |    301 |   3925 |   6 |  909.5 |
       Dungeon |   5393 |   5223 |    170 |    301 |   3884 |   5 | 1078.6 |
        Temple |     63 |     54 |      9 |      0 |     41 |   1 |   63.0 |
               +--------+--------+--------+--------+--------+-----+--------+

Top non-repeatable levels by time:
     D:2: 1800 daAuts
     D:1: 1419 daAuts
     D:3: 1046 daAuts
     D:4: 925 daAuts
     D:5: 201 daAuts
  Temple: 63 daAuts
